 Dungeon Crawl Stone Soup version 0.29-a0-22-gbf593b16ee (webtiles) character file.

Game seed: 5176119763589220516

408 Clumpoid the Shield-Bearer (level 6, -8/53 HPs)
             Began as a Gnoll Fighter on Jan 29, 2022.
             Was a Believer of Cheibriados.
             Killed by divine providence
             ... invoked by an orc priest
              (14 damage)
             ... on level 4 of the Dungeon.
             The game lasted 00:07:24 (4131 turns).

Clumpoid the Shield-Bearer (Gnoll Fighter)          Turns: 4131, Time: 00:07:25

Health: -8/53      AC: 15    Str: 19    XL:     6   Next: 88%
Magic:  9/9        EV:  6    Int: 17    God:    Cheibriados [**....]
Gold:   953        SH:  6    Dex: 20    Spells: 9/9 levels left

rFire   . . .      SeeInvis .   a - +0 trident
rCold   . . .      Faith    .   c - +0 buckler
rNeg    . . .      Spirit   .   l - +0 plate armour
rPois   +          Reflect  .   (no helmet)
rElec   +          Harm     .   h - +0 cloak
rCorr   +          Rampage  .   m - +0 pair of gloves
Will    .....                   (no boots)
Stlth   ..........              (no amulet)
HPRegen 0.17/turn               j - ring "Iroe" {Fly rElec rPois Int+4 Dex+4}
MPRegen 0.11/turn               g - ring of resist corrosion

@: flying, very slow
A: fangs 1, strong nose, distributed training
a: Renounce Religion, Bend Time


You were on level 4 of the Dungeon.
You worshipped Cheibriados.
Cheibriados was pleased with you.
You visited 1 branch of the dungeon, and saw 4 of its levels.

You collected 1163 gold pieces.
You spent 210 gold pieces at shops.

Inventory:

Hand Weapons
 a - a +0 trident (weapon)
Armour
 c - a +0 buckler (worn)
 h - a +0 cloak (worn)
 l - a +0 plate armour (worn)
 m - a +0 pair of gloves (worn)
Jewellery
 g - a ring of resist corrosion (right hand)
 i - an amulet of magic regeneration
 j - the ring "Iroe" (left hand) {Fly rElec rPois Int+4 Dex+4}
   (You bought it in a shop on level 3 of the Dungeon)

   [ring of flight]

   Int:       It affects your intelligence (+4).
   Dex:       It affects your dexterity (+4).
   rElec:     It insulates you from electricity.
   rPois:     It protects you from poison.
   Fly:       It grants you flight.
 k - the ring of Res Nullius {rC+ Dex+3}
   (You bought it in a shop on level 3 of the Dungeon)

   [ring of protection from cold]

   Dex:       It affects your dexterity (+3).
   rC:        It protects you from cold.
Wands
 b - a wand of polymorph (9)
Scrolls
 e - 2 scrolls of blinking
 n - 3 scrolls of identify
 o - a scroll of teleportation {unknown}
Potions
 d - a potion of heal wounds
 f - a potion of curing
 p - a potion of mutation {unknown}


   Skills:
 + Level 6.9 Fighting
 + Level 2.1 Short Blades
 + Level 2.1 Long Blades
 + Level 2.1 Axes
 + Level 2.1 Maces & Flails
 + Level 5.1 Polearms
 + Level 2.1 Staves
 + Level 2.1 Slings
 + Level 2.1 Bows
 + Level 2.1 Crossbows
 + Level 2.1 Throwing
 + Level 6.9 Armour
 + Level 2.1 Dodging
 + Level 2.1 Stealth
 + Level 6.9 Shields
 + Level 2.1 Unarmed Combat
 + Level 2.1 Spellcasting
 + Level 1.7 Conjurations
 + Level 1.7 Hexes
 + Level 1.7 Summonings
 + Level 1.7 Necromancy
 + Level 1.7 Translocations
 + Level 1.7 Transmutations
 + Level 1.7 Fire Magic
 + Level 1.7 Ice Magic
 + Level 1.7 Air Magic
 + Level 1.7 Earth Magic
 + Level 1.7 Poison Magic
 + Level 2.4 Invocations
 + Level 2.1 Evocations


You had 9 spell levels left.
You didn't know any spells.
Your spell library contained the following spells:

 Spells                   Type           Power      Damage    Failure   Level
 Frozen Ramparts          Ice            14%        1d3       100%        3
 Ice Form                 Ice/Tmut       7%         N/A       100%        4
 Summon Ice Beast         Ice/Summ       7%         N/A       100%        4


Dungeon Overview and Level Annotations

Branches:
Dungeon (4/15)             Temple (0/1) D:4

Altars:
Cheibriados
Makhleb
Uskayaw
Wu Jian
Zin

Shops:
D:3 *


Innate Abilities, Weirdness & Mutations

You have very sharp teeth.
Your uncanny sense of smell can sniff out nearby items.
Your experience applies equally to all skills.


Message History

You kill the orc!
Cheibriados appreciates the change of pace.
No target in view!
No target in view!
You start resting.
HP restored.
You fly downwards.
The orc priest invokes the aid of Beogh against you.
Beogh smites you!
The orc throws a boomerang.
You block the boomerang.
There is a stone staircase leading up, spattered with blood here.
You reach to attack!
You hit the orc priest.
The orc priest is moderately wounded.
The orc throws a boomerang.
The boomerang hits you but does no damage.
The orc priest hits you but does no damage.
You reach to attack!
You hit the orc priest.
The orc priest is heavily wounded.
The orc priest hits you but does no damage.
You hit the orc but do no damage. You block the orc's attack.
The orc priest barely misses you.
You closely miss the orc. You block the orc's attack.
The orc priest hits you from afar with a +0 trident.
You block the orc's attack.
You hit the orc.
The orc is moderately wounded.
The orc priest calls upon Beogh to heal the orc.
The orc's wounds heal themselves!
The orc hits you but does no damage.
You hit the orc but do no damage.
The orc priest calls down the wrath of Beogh upon you.
Beogh smites you! You block the orc's attack.
The orc priest hits you from afar with a +0 trident.
You are too injured to fight recklessly!
There is a stone staircase leading up, spattered with blood here.
The orc hits you but does no damage.
The orc priest calls down the wrath of Beogh upon you.
Pain shoots through your body!
* * * LOW HITPOINT WARNING * * *
The orc priest calls down the wrath of Beogh upon you.
Beogh smites you!
You die...

###............# ∆
#..............# .
##..#...........#
...##...#..<........###
......#.#...............
###..#.#........##### ...
.#....)..(.......# #..#.
#(.#..#...........# #....
#.##..#..@o.......#
#....##.##..##..........#
#..#........##..o.....>.#
........#.###..o........#
. #..#.†#.##..#........##
..#....†..#..###......##
......#.###.## #.######
........# #.# #..#
...#....###.#####.####


You could see 2 orc priests and an orc.

Vanquished Creatures
  A human (D:3)
  4 lemures (D:3)
  A scorpion (D:4)
  An orc priest (D:3)
  Crazy Yiuf (D:2)
  Ijyb (D:3)
  5 gnolls
  An adder (D:2)
  A worm (D:2)
  2 dart slugs
  4 orcs
  2 bats
  4 endoplasms
  2 giant cockroaches
  5 hobgoblins
  6 jackals
  6 kobolds
  3 quokkas
  10 ball pythons
  2 frilled lizards
  10 goblins
  5 rats
77 creatures vanquished.

Notes
Turn   | Place    | Note
-------+----------+-------------------------------------------
     0 | D:1      | Clumpoid the Gnoll Fighter began the quest for the Orb.
     0 | D:1      | Reached XP level 1. HP: 23/23 MP: 1/1
   146 | D:1      | Reached XP level 2. HP: 16/29 MP: 2/2
   166 | D:1      | Reached XP level 3. HP: 8/35 MP: 3/3
   849 | D:1      | Reached skill level 1 in Invocations
  1225 | D:2      | Reached skill level 1 in Short Blades
  1225 | D:2      | Reached skill level 1 in Long Blades
  1225 | D:2      | Reached skill level 1 in Axes
  1225 | D:2      | Reached skill level 1 in Maces & Flails
  1225 | D:2      | Reached skill level 1 in Staves
  1225 | D:2      | Reached skill level 1 in Slings
  1225 | D:2      | Reached skill level 1 in Bows
  1225 | D:2      | Reached skill level 1 in Crossbows
  1225 | D:2      | Reached skill level 1 in Throwing
  1225 | D:2      | Reached skill level 1 in Dodging
  1225 | D:2      | Reached skill level 1 in Stealth
  1225 | D:2      | Reached skill level 1 in Unarmed Combat
  1225 | D:2      | Reached skill level 1 in Spellcasting
  1225 | D:2      | Reached skill level 1 in Evocations
  1406 | D:2      | Reached XP level 4. HP: 36/41 MP: 5/5
  1677 | D:2      | Found a runed translucent door.
  1678 | D:2      | Noticed Crazy Yiuf
  1688 | D:2      | Killed Crazy Yiuf
  1689 | D:2      | Reached skill level 1 in Conjurations
  1689 | D:2      | Reached skill level 1 in Hexes
  1689 | D:2      | Reached skill level 1 in Summonings
  1689 | D:2      | Reached skill level 1 in Necromancy
  1689 | D:2      | Reached skill level 1 in Translocations
  1689 | D:2      | Reached skill level 1 in Transmutations
  1689 | D:2      | Reached skill level 1 in Fire Magic
  1689 | D:2      | Reached skill level 1 in Ice Magic
  1689 | D:2      | Reached skill level 1 in Air Magic
  1689 | D:2      | Reached skill level 1 in Earth Magic
  1689 | D:2      | Reached skill level 1 in Poison Magic
  1922 | D:2      | Identified a scroll of acquirement
  1922 | D:2      | Acquired 961 gold pieces
  1961 | D:3      | Found a snail-covered altar of Cheibriados.
  1965 | D:3      | Found a hide-covered altar of Uskayaw.
  1974 | D:3      | Became a worshipper of Cheibriados the Contemplative
  2057 | D:3      | Found an ornate altar of the Wu Jian Council.
  2332 | D:3      | Found Latwav's Assorted Antiques.
  2360 | D:3      | Bought a shimmering glass ring for 105 gold pieces
  2360 | D:3      | Identified the ring "Iroe" {Fly rElec rPois Int+4 Dex+4}
                  | (You bought it in a shop on level 3 of the Dungeon)
  2360 | D:3      | Bought a heavily runed amber ring for 105 gold pieces
  2360 | D:3      | Identified the ring of Res Nullius {rC+ Dex+3} (You bought
                  | it in a shop on level 3 of the Dungeon)
  2495 | D:3      | Noticed Ijyb
  2510 | D:3      | Killed Ijyb
  2511 | D:3      | Reached XP level 5. HP: 47/47 MP: 5/7
  2516 | D:3      | Reached * piety under Cheibriados
  2828 | D:4      | Found a staircase to the Ecumenical Temple.
  2846 | D:4      | Noticed a lemure
  2846 | D:4      | Noticed a lemure
  2847 | D:4      | Noticed a lemure
  2848 | D:4      | Noticed Pikel
  2852 | D:4      | Noticed a lemure
  2876 | D:3      | Killed a lemure
  3039 | D:3      | Killed a lemure
  3068 | D:3      | Killed a lemure
  3349 | D:3      | Killed a lemure
  3418 | D:4      | Noticed Pikel
  3418 | D:4      | Pikel changed into Pikel the human
  3442 | D:3      | Killed Pikel the human
  3443 | D:3      | Reached skill level 5 in Polearms
  3443 | D:3      | Reached XP level 6. HP: 16/53 MP: 7/9
  3987 | D:4      | Found a glowing silver altar of Zin.
  3990 | D:4      | Found a burning altar of Makhleb.
  3991 | D:4      | Noticed a cacodemon
  3991 | D:4      | Noticed an angel
  4105 | D:3      | Reached ** piety under Cheibriados
  4131 | D:4      | Killed from afar by an orc priest

Illustrated notes

Levels and vault maps discovered:
D:1:      shiori_arrival_elements, layout_basic, minmay_pentomino_t2
D:2:      layout_rooms, kennysheep_generic_room_16, uniq_crazy_yiuf_cottage
D:3:      kennysheep_the_goblin_king, layout_basic, lemuel_crystal_altar,
          grunt_temple_overflow_open, serial_shops, shop
D:4:      layout_rooms, grunt_temple_overflow_order_and_chaos_2,
          temple_fountains, minmay_crystal_room, uniq_pikel

Skill      XL: |  1  2  3  4  5 |
---------------+----------------+-----
Invocations    | 1 2 |  2.4
Short Blades   | 1 2 |  2.1
Long Blades    | 1 2 |  2.1
Axes           | 1 2 |  2.1
Maces & Flails | 1 2 |  2.1
Staves         | 1 2 |  2.1
Slings         | 1 2 |  2.1
Bows           | 1 2 |  2.1
Crossbows      | 1 2 |  2.1
Throwing       | 1 2 |  2.1
Dodging        | 1 2 |  2.1
Stealth        | 1 2 |  2.1
Unarmed Combat | 1 2 |  2.1
Spellcasting   | 1 2 |  2.1
Evocations     | 1 2 |  2.1
Conjurations   | 1 |  1.7
Hexes          | 1 |  1.7
Summonings     | 1 |  1.7
Necromancy     | 1 |  1.7
Translocations | 1 |  1.7
Transmutations | 1 |  1.7
Fire Magic     | 1 |  1.7
Ice Magic      | 1 |  1.7
Air Magic      | 1 |  1.7
Earth Magic    | 1 |  1.7
Poison Magic   | 1 |  1.7
Polearms       | 5 |  5.1
Fighting       | |  6.9
Armour         | |  6.9
Shields        | |  6.9

Action                   |  1- 3 |  4- 6 || total
-------------------------+-------+-------++-------
Melee: Trident           |    84 |   259 ||   343
       Bite              |     3 |    23 ||    26
Evoke: Wand              |       |     1 ||     1
  Use: Potion            |     3 |     1 ||     4
       Scroll            |     1 |     4 ||     5
 Stab: Invisible         |       |     1 ||     1
Armor: Scale mail        |    32 |    11 ||    43
       Plate armour      |       |   125 ||   125
Dodge: Dodged            |    38 |    63 ||   101
Block: Buckler           |    17 |    78 ||    95

Table legend: (Time is in decaauts)
 A = Elapsed time spent in this place.
 B = Non-inter-level travel time spent in this place.
 C = Inter-level travel time spent in this place.
 D = Time resting spent in this place.
 E = Time spent auto-exploring this place.
 F = Levels seen in this place.
 G = Mean time per level.
                   A        B        C        D        E       F      G
               +--------+--------+--------+--------+--------+-----+--------+
         Total |   4446 |   4076 |    370 |   1729 |   1609 |   4 | 1111.5 |
       Dungeon |   4446 |   4076 |    370 |   1729 |   1609 |   4 | 1111.5 |
               +--------+--------+--------+--------+--------+-----+--------+

Top non-repeatable levels by time:
     D:3: 2087 daAuts
     D:1: 1060 daAuts
     D:2: 910 daAuts
     D:4: 387 daAuts
